 Dungeon Sprint DCSS version 0.31.0-32-g396128a36d (webtiles) character file.

Game seed: 15481483376249932999

1680 Groucho the Unseen (level 8, 0/36 HPs)
             Began as a Felid Enchanter on Mar 22, 2024.
             Was a Follower of Sif Muna.
             Slain by a centaur warrior (2 damage)
             ... in the Dungeon (Sprint I: "Red Sonja").
             The game lasted 00:03:16 (734 turns).

Groucho the Unseen (Felid Enchanter)                 Turns: 734, Time: 00:03:17

Health: 0/36       AC:  2    Str:  4    XL:     8   Next: 70%
Magic:  15/22      EV: 17    Int: 20    God:    Sif Muna [*.....]
Gold:   708        SH:  0    Dex: 18    Spells: 15/26 levels left
                                        Lives:  0   Deaths: 3

rFire   . .          .
                       - Unarmed
rCold   . . .        (shield unavailable)
rNeg    . . .        (body armour unavailable)
rPois   .            (helmet unavailable)
rElec   .            (cloak unavailable)
rCorr   .            (gloves unavailable)
SInv    +            (boots unavailable)
Will    +....        (no amulet)
Stlth   +++++++      (no ring)
HPRegen 0.26/turn    (no ring)
MPRegen 0.18/turn

%: no teleportation
@: confusing by touch
A: very small, claws 1, fangs 3, see invisible, shaggy fur 2, stealthy paws, no
weapons or thrown items, no armour, multi-lived
a: Renounce Religion, Channel Magic


You were in the Dungeon.
You worshipped Sif Muna.
Sif Muna was aware of your devotion.
You visited 1 branch You collected 708 gold pieces.

Inventory:

Wands
 f - a wand of acid (8)
Scrolls
 g - a scroll of acquirement {unknown}
 h - a scroll of enchant weapon {unknown}
 i - a scroll of identify {unknown}
 j - a scroll of enchant armour {unknown}
Potions
 a - 2 potions of invisibility
 b - 3 potions of curing
 c - a potion of heal wounds
 d - a potion of haste
 e - 2 potions of magic


   Skills:
 - Level 2.6 Dodging
 * Level 19.4 Stealth
 - Level 1.0 Unarmed Combat
 + Level 9.6 Spellcasting
 - Level 14.0 Hexes


You had 15 spell levels left.
You knew the following spells:

 Your Spells              Type           Power      Damage    Failure   Level
a - Ensorcelled Hibernat  Hex/Ice        74%        N/A       1%          2
b - Confusing Touch       Hex            60%        N/A       1%          3
c - Dazzling Flash        Conj/Hex       74%        N/A       1%          3
d - Tukima's Dance        Hex            60%        N/A       1%          3

Your spell library contained the following spells:

 Spells                   Type           Power      Damage    Failure   Level


Dungeon Overview and Level Annotations

Branches:
Dungeon (1/1)

Altars:
Cheibriados
Dithmenos
Elyvilon
Fedhas
Gozag
Hepliaklqana
Kikubaaqudgha
Makhleb
Nemelex Xobeh
Okawaru
Qazlal
Ru
Sif Muna
Trog
Uskayaw
Vehumet
Wu Jian
Xom
Yredelemnul
Zin
The Shining One
Jiyva
Lugonu

Shops:
D [[


Innate Abilities, Weirdness & Mutations

You have sharp claws.
You have razor-sharp teeth.
You have supernaturally acute eyesight. (SInv)
You are covered in thick fur. (AC +2)
Your paws help you pounce on unaware monsters.
You are incapable of wielding weapons or throwing items.
You cannot wear armour.
You gain extra lives every three experience levels.


Message History

Found 5 stones.
There is an open door here.
You see here a +0 rapier.
You see here a +0 long sword.
You see here 5 stones.
Something unseen opens the door.
You see here a +0 long sword.
The centaur warrior unwields a +0 orcbow.
The centaur warrior misses you. The centaur warrior kicks you.
You see here a +0 rapier.
The centaur warrior misses you. The centaur warrior barely misses you.
Found 27 gold pieces.
You see here a +0 dagger.
Casting: Ensorcelled Hibernation (safe; 1% risk of failure)
Confirm with . or Enter, or press ? or * to list all spells.
Aiming: Ensorcelled Hibernation (safe; 1% risk of failure)
Press: ? - help, Shift-Dir - straight line, f - centaur warrior
Aim: a centaur warrior (chance to affect: 47%)
The centaur warrior resists with some effort.
The centaur warrior closely misses you. The centaur warrior barely misses you.
The centaur warrior hits you! The centaur warrior kicks you.
Casting: Ensorcelled Hibernation (safe; 1% risk of failure)
Confirm with . or Enter, or press ? or * to list all spells.
Aiming: Ensorcelled Hibernation (safe; 1% risk of failure)
Press: ? - help, Shift-Dir - straight line, f/p - centaur warrior
Aim: a centaur warrior (chance to affect: 47%)
The centaur warrior looks drowsy...
You pounce on the unaware helpless centaur warrior!
You eviscerate the centaur warrior!!!
The centaur warrior is almost dead.
The centaur warrior hits you! The centaur warrior barely misses you.
Unknown command.
Casting: Ensorcelled Hibernation (safe; 1% risk of failure)
Confirm with . or Enter, or press ? or * to list all spells.
Your paws begin to glow red.
The centaur warrior hits you!
* * * LOW HITPOINT WARNING * * *
The centaur warrior closely misses you.
The centaur warrior completely misses you.
The centaur warrior kicks you.
You die...

#<.#..').#.)'..#__#
#..'÷.#..'..#..'..+
#.)#####+#####'#__####
#..####..#...#.####=§# #
#..#__####..##†#~§§§§#.$
#..#_____##'#_.'~~§§§'
#⌠⌠#_.∩..†'..._#§§§§.#
####_..__##_.#'##c####
#_____###+#)#@))(###
##########.####'###|##
........'...'.....'.∩#
#++++####.).##########
###.### #.#'#.# #.....#
#..(..# #######


You could see a centaur warrior.

Vanquished Creatures
  Sonja (D)
  A deep troll (D)
  A slime creature (D)
  Sigmund (D)
  A yak (D)
  An ogre (D)
  A jelly (D)
  Ijyb (D)
  A ballistomycete spore (D)
9 creatures vanquished.

Vanquished Creatures (others)
  A ballistomycete spore (D)
1 creature vanquished.

Grand Total: 10 creatures vanquished

Notes
Turn   | Place    | Note
-------+----------+-------------------------------------------
     0 | D        | Groucho the Felid Enchanter began the quest for the Orb.
     0 | D        | Reached XP level 1. HP: 9/9 MP: 4/4
     2 | D        | Noticed Ijyb
     4 | D        | Killed from afar by Ijyb
     4 | D        | Lost a life (0 lives remaining)
     9 | D        | Killed Ijyb
    10 | D        | Reached skill level 7 in Stealth
    10 | D        | Reached XP level 2. HP: 13/13 MP: 5/7
   244 | D        | Noticed an ogre
   250 | D        | Killed an ogre
   251 | D        | Reached skill level 10 in Stealth
   251 | D        | Reached XP level 3. HP: 16/16 MP: 8/10
   251 | D        | Reached XP level 4. HP: 21/21 MP: 8/11
   251 | D        | Gained a life (1 life remaining)
   254 | D        | Learned a level 2 spell: Ensorcelled Hibernation
   258 | D        | Learned a level 3 spell: Confusing Touch
   262 | D        | Learned a level 3 spell: Dazzling Flash
   266 | D        | Learned a level 3 spell: Tukima's Dance
   281 | D        | Noticed Sigmund
   286 | D        | Killed Sigmund
   287 | D        | Reached skill level 12 in Stealth
   287 | D        | Reached skill level 5 in Spellcasting
   287 | D        | Reached XP level 5. HP: 24/24 MP: 8/14
   301 | D        | Found a shimmering blue altar of Sif Muna.
   526 | D        | Found an ornate altar of the Wu Jian Council.
   527 | D        | Found a radiant altar of Vehumet.
   532 | D        | Reached skill level 13 in Stealth
   532 | D        | Reached skill level 10 in Hexes
   532 | D        | Gained mutation: You are covered in thick fur. (AC +2)
                  | [Felid growth]
   532 | D        | Reached XP level 6. HP: 28/28 MP: 16/16
   553 | D        | Became a worshipper of Sif Muna the Loreminder
   573 | D        | Found Sic Oceb's Armour Emporium.
   573 | D        | Found an ancient bone altar of Kikubaaqudgha.
   573 | D        | Found a hazy altar of Hepliaklqana.
   573 | D        | Found a stormy altar of Qazlal.
   573 | D        | Found a hide-covered altar of Uskayaw.
   573 | D        | Found a blossoming altar of Fedhas.
   573 | D        | Found a bloodstained altar of Trog.
   573 | D        | Found an iron altar of Okawaru.
   573 | D        | Found a basalt altar of Yredelemnul.
   573 | D        | Found a glowing golden altar of the Shining One.
   573 | D        | Found a snail-covered altar of Cheibriados.
   573 | D        | Found a sacrificial altar of Ru.
   573 | D        | Found a glowing silver altar of Zin.
   573 | D        | Found a shadowy altar of Dithmenos.
   573 | D        | Found a white marble altar of Elyvilon.
   573 | D        | Noticed a yak
   574 | D        | Found an opulent altar of Gozag.
   575 | D        | Killed a yak
   576 | D        | Reached skill level 14 in Stealth
   576 | D        | Found a sparkling altar of Nemelex Xobeh.
   596 | D        | Found a burning altar of Makhleb.
   596 | D        | Found a shimmering altar of Xom.
   596 | D        | Noticed a slime creature
   597 | D        | Found a viscous altar of Jiyva.
   597 | D        | Found a corrupted altar of Lugonu.
   602 | D        | Killed a slime creature
   603 | D        | Reached skill level 15 in Stealth
   603 | D        | Reached XP level 7. HP: 32/32 MP: 16/18
   603 | D        | Gained a life (2 lives remaining)
   616 | D        | Noticed a centaur warrior
   617 | D        | Noticed a centaur warrior
   621 | D        | Mangled by a centaur warrior
   621 | D        | Lost a life (1 life remaining)
   628 | D        | Shot with an arrow by a centaur warrior
   628 | D        | Lost a life (0 lives remaining)
   629 | D        | Noticed Sonja
   632 | D        | Killed Sonja
   632 | D        | Reached * piety under Sif Muna
   633 | D        | Reached skill level 17 in Stealth
   633 | D        | Reached XP level 8. HP: 36/36 MP: 18/21
   685 | D        | Noticed a deep troll
   692 | D        | Killed a deep troll
   693 | D        | Reached skill level 19 in Stealth
   700 | D        | Found Acue's Armour Emporium.
   734 | D        | Slain by a centaur warrior

Illustrated notes

Levels and vault maps discovered:
D:        dungeon_sprint_1 [red_sonja_temple_1, red_sonja_temple_small_1]

Skill      XL: |  1  2  3  4  5  6  7  8 |
---------------+-------------------------+-----
Stealth        | 7 10 12 13 15 17 19 | 19.4
Spellcasting   | 3 4 5 6 7 8 9 |  9.6
Hexes          | 6 7 9 10 11 13 14 | 14.0
Dodging        | |  2.6
Unarmed Combat | |  1.0

Action                     |  1- 3 |  4- 6 |  7- 9 || total
---------------------------+-------+-------+-------++-------
  Melee: Unarmed           |     6 |     8 |     6 ||    20
         Bite              |     1 |     1 |       ||     2
   Cast: Ensorcelled Hiber |       |     2 |     4 ||     6
         Confusing Touch   |       |       |     1 ||     1
    Use: Potion            |     1 |       |       ||     1
         Scroll            |       |       |     1 ||     1
   Stab: Sleeping          |     2 |     5 |     5 ||    12
 Armour: Skin              |     1 |       |    18 ||    19
  Dodge: Dodged            |     2 |     4 |    12 ||    18
